Description

This is the Build order from the 2021 Beastyqt guide on how to play Terran against Terran.

VOD

https://www.youtube.com/watch?v=Z_gPUJarjCc

Replay - Guide - How to play Terran vs Terran in 2020! by Beastyqt

Build Order

Get SALT Encoding   

  12  0:00  SCV  
  13  0:13  SCV  
  14  0:18  Supply Depot  
  14  0:25  SCV  
  15  0:40  SCV  
  15  0:41  Barracks  
  16  0:45  Refinery  
  16  0:52  SCV Send to scout  
  17  1:04  SCV  
  18  1:16  SCV  
  19  1:28  Reaper, Orbital Command Keep to defend  
  20  1:43  Command Center  
  20  1:52  Supply Depot  
  20  1:54  SCV  
  20  2:00  Marine  
  22  2:07  SCV  
  23  2:12  Factory  
  23  2:19  Bunker, SCV  
  24  2:28  Barracks Reactor Delay after 3rd marine if scout 2 gas  
  24  2:29  Refinery  
  26  2:56  Starport  
  26  3:00  Orbital Command  
  26  3:03  Factory Tech Lab  
  27  3:06  Marine x2 Continuous production  
  30  3:15  Supply Depot  
  30  3:16  Action Scout with reaper  
  30  3:23  Cyclone  
  37  3:32  Starport Tech Lab  
  42  3:34  Refinery  
  39  3:41  Supply Depot  
  42  4:00  Raven  
  46  4:08  Supply Depot  
  50  4:23  Siege Tank  
  59  4:44  Action Barracks ⇄ Starport  
  59  4:50  Command Center  
  61  4:55  Viking x2, Siege Tank Continuous production  
  67  5:04  Refinery  
  71  5:09  Stimpack  
  80  5:40  Barracks x2  
  90  6:02  Engineering Bay x2  
  92  6:07  Action Command Center → 3rd base  
  98  6:29  Barracks x2  
  103  6:39  Barracks Reactor x2  
  99  6:45  Orbital Command  
  109  6:54  Terran Infantry Weapons Level 1  
  109  6:58  Terran Infantry Armor Level 1  
  112  7:14  Refinery x2  
  115  7:18  Barracks Reactor x2  
  133  7:46  Combat Shield  
  144  8:02  Armory  
  160  8:31  Command Center, Barracks  
  164  8:35  Factory  
  184  9:12  Missile Turret x3  
  184  9:18  Sensor Tower x2  
  186  9:28  Barracks Reactor  
  194  9:44  Barracks Reactor  
  199  9:48  Refinery x2  
Spawning Tool Build Advisor. Get it on Overwolf

Go to:

Details

  • Created by: Acemond
  • Published on: Jan 16, 2023
  • Modified on: Jan 19, 2023
  • Patch: 4.11.0
  • Difficulty: Medium
Show
View Real Time Build Order
Export as new Build Order

Comments (0)

There are no comments. Be the first!

Create an account to comment!